 Dungeon Sprint DCSS version 0.27.1-33-g824d729ab1 (webtiles) character file.

Game seed: 5750615814438742623

15087 Adenis the Severer (level 11, -19/110 (122) HPs)
             Began as a Minotaur Berserker on Dec 6, 2021.
             Was the Champion of Trog.
             Killed from afar by a Tzitzimitl (62 damage)
             ... with a bolt of negative energy
             ... in the Dungeon (Sprint I: "Red Sonja").
             The game lasted 00:09:18 (5453 turns).

Adenis the Severer (Minotaur Berserker)             Turns: 5453, Time: 00:09:19

HP:   -19/110 (122) AC: 21    Str: 25    XL:     11   Next: 97%
MP:   0/10          EV: 11    Int:  4    God:    Trog [******]
Gold: 1277          SH:  0    Dex: 10    Spells: 10/10 levels left

rFire    + . .     SeeInvis .   p - +9 sword of Zonguldrok {reap}
rCold    . . .     Faith    .   (no shield)
rNeg     . . .     Spirit   +   o - +2 plate armour {rC+}
rPois    .         Reflect  .   (helmet restricted)
rElec    .         Harm     .   (no cloak)
rCorr    .         Rampage  .   (no gloves)
Will     .....     NoTele   +   (no boots)
Stlth    ..........             v - amulet of guardian spirit
HPRegen  0.28/turn              q - +4 ring of protection
MPRegen  0.12/turn              r - ring of fire

@: slowed, drained, very slow
A: horns 2, retaliatory headbutt
0: Orb of Zot
a: Renounce Religion, Berserk, Trog's Hand, Brothers in Arms


You were in the Dungeon.
You worshipped Trog.
Trog was exalted by your worship.
You visited 1 branch You collected 1984 gold pieces.
You spent 707 gold pieces at shops.

Inventory:

Hand Weapons
 a - a +0 hand axe
 m - a +3 battleaxe of flaming
 n - a +4 war axe of flaming
 p - the +9 sword of Zonguldrok (weapon) {reap}
   (You found it in the Dungeon)

   Any living foe damaged by it may be reanimated upon death as a zombie
   friendly to the wielder, with an increasing chance as more damage is dealt.
 t - a +2 antimagic long sword
 u - a +2 vorpal dire flail
Armour
 b - a +0 animal skin
 j - a +2 robe of willpower
 o - a +2 plate armour of cold resistance (worn)
Jewellery
 q - a +4 ring of protection (left hand)
 r - a ring of fire (right hand)
 v - an amulet of guardian spirit (around neck)
Wands
 i - a wand of paralysis (7)
Scrolls
 k - a scroll of immolation {unknown}
 s - a scroll of torment {unknown}
 x - a scroll of identify {unknown}
Potions
 c - a potion of curing
 d - 3 potions of heal wounds
 e - a potion of haste
 f - 2 potions of magic
 g - 3 potions of berserk rage
 l - 2 potions of lignification {unknown}
 w - a potion of brilliance {unknown}


   Skills:
 + Level 19.1 Fighting
 + Level 5.0 Long Blades
 + Level 20.9 Axes
 + Level 12.3 Armour
 + Level 12.2 Dodging
 + Level 6.5 Stealth


You had 10 spell levels left.
You didn't know any spells.
Your spell library was empty.

Dungeon Overview and Level Annotations

Branches:
Dungeon (1/1)

Altars:
Cheibriados
Dithmenos
Elyvilon
Fedhas
Gozag
Hepliaklqana
Kikubaaqudgha
Makhleb
Nemelex Xobeh
Okawaru
Qazlal
Ru
Sif Muna
Trog
Uskayaw
Vehumet
Wu Jian
Xom
Yredelemnul
Zin
The Shining One
Jiyva
Lugonu

Shops:
D ?*[:(*=****(:[[!

Annotations:
D Tiamat


Innate Abilities, Weirdness & Mutations

You have a pair of horns on your head.
You reflexively headbutt those who attack you in melee.


Message History

As you read the scroll of blinking, it crumbles to dust.
Things that are here:
a +0 great sword of flaming; a +2 great sword of flaming
There is an open door, spattered with blood here.
Things that are here:
a +0 great sword of flaming; a +2 broad axe of flaming The daeva shouts!
You see here a +2 war axe of flaming.
The daeva calls down the wrath of the Shining One upon you.
The Shining One smites you!
The daeva calls down the wrath of the Shining One upon you.
The Shining One smites you!
The daeva calls down the wrath of the Shining One upon you.
The Shining One smites you!
There is an open door here.
There is an open door, spattered with blood here.
There is an open door here.
You see here a +0 flail.
There is an open door here.
A Tzitzimitl comes into view.
You see here a +1 antimagic broad axe.
You slice the Tzitzimitl!!
The Tzitzimitl is lightly wounded.
The Tzitzimitl completely misses you.
You riposte.
You barely miss the Tzitzimitl.
The Tzitzimitl is lightly wounded.
The Tzitzimitl misses you. The Tzitzimitl engulfs you.
The Tzitzimitl drains your vigour!
You feel yourself slow down.
The Tzitzimitl bites you but does no damage.
The Tzitzimitl calls on the powers of darkness!
Your body is wracked with pain!
Things that are here:
a +0 dagger; a +0 robe The Tzitzimitl engulfs you!
The Tzitzimitl bites you but does no damage.
The Tzitzimitl gestures at you. The bolt of negative energy hits you!!!
You feel drained.
Ouch! That really hurt!
You die...

#################################
)..#.)'..#__#..'@).#..#§§§§§..§§§
#..'..#..'..'..#)1.##'#§####§§.§§
##'#####'#__####..)'..#.# ##.§.#
#..#...#.####§§#####.)'§# ###§#
####..##§#≈≈≈§§#..##+#### #.#
___##'#_§§§§≈§§'§.#.....# #§.
∩...'..§_#≈≈≈§.#§.#....○+ ##.
.__##_.#'##§#####§###^○°# #).
___###+#.#§§)§###.'.#.○°# #.#


You could see a Tzitzimitl.

Vanquished Creatures
  2 fire giants (D)
  2 centaur warriors (D)
  A hydra (D)
  A deep troll (D)
  A lindwurm (D)
  An oklob plant (D)
  A gargoyle (D)
  2 kobold demonologists (D)
  7 unseen horrors (D)
  4 demonic crawlers (D)
  A hornet (D)
  A slime creature (D)
  Sigmund (D)
  13 hogs (D)
  2 redbacks (D)
  A yak (D)
  3 floating eyes (D)
  7 necrophages (D)
  An ogre (D)
  8 jellies (D)
  Ijyb (D)
61 creatures vanquished.

Vanquished Creatures (collateral kills)
  2 fire giants (D)
2 creatures vanquished.

Vanquished Creatures (others)
  A gargoyle (D)
1 creature vanquished.

Grand Total: 64 creatures vanquished

Notes
Turn   | Place    | Note
-------+----------+-------------------------------------------
     0 | D        | Adenis the Minotaur Berserker began the quest for the Orb.
     0 | D        | Reached XP level 1. HP: 19/19 MP: 0/0
     2 | D        | Noticed Ijyb
    11 | D        | Killed Ijyb
    12 | D        | Reached skill level 5 in Fighting
    12 | D        | Reached skill level 5 in Axes
    12 | D        | Reached XP level 2. HP: 29/29 MP: 1/1
   257 | D        | Noticed an ogre
   261 | D        | Killed an ogre
   262 | D        | Reached skill level 8 in Axes
   262 | D        | Reached XP level 3. HP: 26/40 MP: 2/2
   262 | D        | Reached XP level 4. HP: 31/48 MP: 3/3
   509 | D        | Noticed Sigmund
   525 | D        | Killed Sigmund
   525 | D        | Reached ** piety under Trog
   526 | D        | Reached skill level 10 in Axes
   526 | D        | Reached skill level 5 in Dodging
   526 | D        | Reached XP level 5. HP: 23/58 MP: 4/4
   612 | D        | Killed a gargoyle
   710 | D        | Found an ornate altar of the Wu Jian Council.
   710 | D        | Found a shimmering blue altar of Sif Muna.
   712 | D        | Found a radiant altar of Vehumet.
   716 | D        | Reached skill level 1 in Stealth
   716 | D        | Reached XP level 6. HP: 66/66 MP: 5/5
   767 | D        | Found Kaefuv's Magic Scroll Emporium.
   767 | D        | Found an ancient bone altar of Kikubaaqudgha.
   767 | D        | Found a hazy altar of Hepliaklqana.
   767 | D        | Found a stormy altar of Qazlal.
   767 | D        | Found a hide-covered altar of Uskayaw.
   767 | D        | Found a blossoming altar of Fedhas.
   767 | D        | Found a bloodstained altar of Trog.
   767 | D        | Found an iron altar of Okawaru.
   767 | D        | Found a basalt altar of Yredelemnul.
   767 | D        | Found a glowing golden altar of the Shining One.
   767 | D        | Found a snail-covered altar of Cheibriados.
   767 | D        | Found a sacrificial altar of Ru.
   767 | D        | Found a glowing silver altar of Zin.
   767 | D        | Found a shadowy altar of Dithmenos.
   767 | D        | Found a white marble altar of Elyvilon.
   767 | D        | Noticed a yak
   775 | D        | Killed a yak
   776 | D        | Reached skill level 10 in Fighting
   776 | D        | Reached skill level 11 in Axes
   776 | D        | Found an opulent altar of Gozag.
   806 | D        | Found a sparkling altar of Nemelex Xobeh.
   834 | D        | Found a burning altar of Makhleb.
   834 | D        | Found a viscous altar of Jiyva.
   834 | D        | Found a shimmering altar of Xom.
   834 | D        | Found a corrupted altar of Lugonu.
   834 | D        | Noticed a slime creature
   842 | D        | Killed a slime creature
   842 | D        | Reached *** piety under Trog
   843 | D        | Reached skill level 12 in Axes
   843 | D        | Reached skill level 5 in Armour
   843 | D        | Reached XP level 7. HP: 60/74 MP: 6/6
  1013 | D        | Noticed a kobold demonologist
  1014 | D        | Noticed a kobold demonologist
  1016 | D        | Noticed an ice devil
  1016 | D        | Noticed a smoke demon
  1016 | D        | Paralysed by a floating eye for 2 turns
  1025 | D        | Killed a kobold demonologist
  1026 | D        | Reached skill level 13 in Axes
  1026 | D        | Killed a kobold demonologist
  1026 | D        | Reached **** piety under Trog
  1027 | D        | Reached XP level 8. HP: 53/86 MP: 7/7
  1542 | D        | Noticed a centaur warrior
  1543 | D        | Noticed a centaur warrior
  1552 | D        | Killed a centaur warrior
  1553 | D        | Reached skill level 14 in Axes
  1558 | D        | Killed a centaur warrior
  1559 | D        | Reached skill level 15 in Axes
  1559 | D        | Reached skill level 5 in Stealth
  1559 | D        | Reached XP level 9. HP: 96/96 MP: 8/8
  1610 | D        | Noticed a deep troll
  1620 | D        | Killed a deep troll
  1620 | D        | Reached ***** piety under Trog
  1621 | D        | Reached skill level 15 in Fighting
  1621 | D        | Reached skill level 16 in Axes
  1787 | D        | Found Sonat's Armour Emporium.
  1811 | D        | Paralysed by a hornet for 1 turns
  1876 | D        | Noticed an oklob plant
  1885 | D        | Killed an oklob plant
  1886 | D        | Reached skill level 10 in Dodging
  1940 | D        | Reached XP level 10. HP: 107/107 MP: 9/9
  2475 | D        | Received a gift from Trog
  2476 | D        | Reached skill level 17 in Axes
  2496 | D        | HP: 2/107 [acid (5)]
  3038 | D        | Received a gift from Trog
  3350 | D        | Found the +9 sword of Zonguldrok {reap}
  3356 | D        | Reached ****** piety under Trog
  3376 | D        | Identified the +7 hand crossbow of Sicoch {freeze, rElec
                  | rPois rCorr Dex-4}
  3403 | D        | Found Yxtol's Antique Armour Shoppe.
  3403 | D        | Found Cipp's General Store.
  3403 | D        | Found Abaaczuc's Book Boutique.
  3405 | D        | Found Quoziej's Antique Weapon Emporium.
  3405 | D        | Found Tahyt's Assorted Antiques.
  3405 | D        | Found Harisuph's Jewellery Shoppe.
  3405 | D        | Found Cezxotem's General Store.
  3405 | D        | Found Qugrou's Assorted Antiques.
  3405 | D        | Found Xiossox's General Store.
  3405 | D        | Found Baehum's Assorted Antiques.
  3409 | D        | Found Sujamywi's Antique Weapon Boutique.
  3410 | D        | Found Orupn's Armour Emporium.
  3410 | D        | Found Guygh's Book Boutique.
  3411 | D        | Found Uninouc's Distillery.
  3412 | D        | Bought a +4 ring of protection for 360 gold pieces
  3412 | D        | Bought a ring of fire for 250 gold pieces
  3417 | D        | Bought a scroll of blinking for 97 gold pieces
  3485 | D        | Received a gift from Trog
  3486 | D        | Reached skill level 18 in Axes
  3564 | D        | Noticed a lindwurm
  3567 | D        | Killed a lindwurm
  3591 | D        | Received a gift from Trog
  3599 | D        | Reached XP level 11. HP: 104/118 MP: 10/10
  3604 | D        | Reached skill level 19 in Axes
  3607 | D        | Received a gift from Trog
  3633 | D        | Noticed a 12-headed hydra
  3637 | D        | Paralysed by a floating eye for 3 turns
  3641 | D        | Killed a nine-headed hydra
  4189 | D        | Noticed a daeva
  4202 | D        | Reached skill level 20 in Axes
  4202 | D        | Received a gift from Trog
  4485 | D        | Noticed a fire giant
  4498 | D        | Killed a fire giant
  4499 | D        | Reached skill level 10 in Armour
  4508 | D        | Noticed a fire giant
  4517 | D        | Killed a fire giant
  4518 | D        | Reached skill level 1 in Long Blades
  4575 | D        | Noticed a fire giant
  4590 | D        | Killed a fire giant
  4590 | D        | Received a gift from Trog
  4849 | D        | Noticed a fire giant
  4863 | D        | HP: 7/183 [fire giant (25)]
  4863 | D        | HP: 2/183 [fire giant (5)]
  4864 | D        | Killed a fire giant
  4865 | D        | Reached skill level 5 in Long Blades
  5398 | D        | Got the Orb of Zot
  5398 | D        | Found the +4 dragonskin cloak
  5398 | D        | Noticed Tiamat
  5449 | D        | Noticed a Tzitzimitl
  5453 | D        | Killed from afar by a Tzitzimitl

Illustrated notes

Levels and vault maps discovered:
D:        dungeon_sprint_1 [red_sonja_temple_1, red_sonja_temple_small_1]

Skill      XL: |  1  2  3  4  5  6  7  8  9 10 11 |
---------------+----------------------------------+-----
Fighting       | 5 7 9 11 13 14 15 17 19 | 19.1
Axes           | 5 8 10 12 13 15 16 18 20 | 20.9
Armour         | 3 4 5 6 12 | 12.3
Dodging        | 3 4 5 6 7 9 10 11 12 | 12.2
Stealth        | 1 2 3 5 6 |  6.5
Long Blades    | 5 |  5.0

Action                   |  1- 3 |  4- 6 |  7- 9 | 10-12 || total
-------------------------+-------+-------+-------+-------++-------
Melee: Hand axe          |    10 |    21 |    48 |    25 ||   104
       Headbutt          |     2 |     7 |     9 |    29 ||    47
       Battleaxe         |       |       |       |    88 ||    88
       Double sword      |       |       |       |    21 ||    21
Invok: Berserk           |     2 |     4 |     6 |     8 ||    20
       Brothers in Arms  |       |       |       |     1 ||     1
  Use: Scroll            |       |       |       |     2 ||     2
Armor: Animal skin       |       |     2 |     1 |       ||     3
       Robe              |       |       |     7 |     6 ||    13
       Plate armour      |       |       |       |    99 ||    99
Dodge: Dodged            |     3 |     7 |    19 |    59 ||    88
       Rpst.: Double sword |       |       |       |     1 ||     1
